 Dungeon Crawl Stone Soup version 0.14-a0-3376-gf173aa4 (webtiles) character file.

56 Psiweapon the Ruinous (level 2, -1/24 HPs)
             Began as an Ogre Conjurer on Mar 20, 2014.
             Slain by an adder (2 damage)
             ... on Level 1 of the Dungeon.
             The game lasted 00:04:49 (1577 turns).

Psiweapon the Ruinous (Ogre Conjurer)               Turns: 1577, Time: 00:04:49

HP  -1/24        AC  3     Str 12      XL: 2   Next: 95%
MP   0/5         EV 10     Int 14      God:
Gold 33          SH  0     Dex 10      Spells:  1 memorised,  4 levels left

rFire  + . .     SeeInvis .     k - +0 club
rCold  . . .     Clarity  .     a - +0 robe
rNeg   . . .     Conserve .     (shield restricted)
rPois  .         rCorr    .     (helmet restricted)
rElec  .         rRot     .     (no cloak)
SustAb . .       Spirit   .     (gloves unavailable)
rMut   .         Warding  .     (boots unavailable)
Saprov + . .     Stasis   .     (no amulet)
MR     .....                    (no ring)
                                i - ring of protection from fire {unknown}

@: not resistant to hostile enchantments, unstealthy
A: unfitting armour, fast metabolism 1, saprovore 1, tough skin 1
a: no special abilities


You were on level 1 of the Dungeon.
You were not hungry.

You visited 1 branch of the dungeon, and saw 2 of its levels.

You collected 33 gold pieces.

Inventory:

Hand weapons
 k - a +0,+0 club (weapon)
Missiles
 d - 18 bolts of flame
 f - 24 darts (quivered)
Armour
 a - a +0 robe (worn)
Comestibles
 b - 2 meat rations
 n - a rotting chunk of jackal flesh
Scrolls
 e - 2 scrolls of identify {unknown}
 h - 2 scrolls of remove curse {unknown}
 j - a scroll of teleportation {unknown}
 l - a scroll of recharging {unknown}
Jewellery
 i - a ring of protection from fire (left hand) {unknown}
Potions
 g - 2 potions of curing {unknown}
Books
 c - a book of Conjurations

   Spells                             Type                      Level
   *Magic Dart                        Conjuration                  1
   Searing Ray                        Conjuration                  2
   Dazzling Spray                     Conjuration/Hexes            3
   Fulminant Prism                    Conjuration/Hexes            4
   Iskenderun's Mystic Blast          Conjuration                  4
   Iskenderun's Battlesphere          Conjuration/Charms           5


   Skills:
 + Level 2.3 Maces & Flails
 - Level 1.7 Dodging
 - Level 1.5 Stealth
 - Level 2.4 Spellcasting
 + Level 3.2 Conjurations


You had 4 spell levels left.
You knew the following spells:

 Your Spells              Type           Power        Failure   Level  Hunger
a - Magic Dart            Conj           ##..         10%         1    #......


Dungeon Overview and Level Annotations

Branches:
Dungeon (2/15)

Altars:

Annotations:
D:2 Terence


Innate Abilities, Weirdness & Mutations

You are too large for most types of armour.
You have a fast metabolism.
You can tolerate rotten meat.
You have tough skin (AC +1).


Message History

You climb upwards.
A bat and an adder come into view.
The bat closely misses you.
There is a stone staircase leading down here.
Casting: Magic Dart
Confirm with . or Enter, or press ? or * to list all spells.
Aiming: Magic Dart
Press: ? - help, Shift-Dir - straight line, f - bat
Aim: a bat The magic dart hits the bat.
The bat is severely wounded.
The bat hits you.
You closely miss the adder. The bat hits you. The adder bites you.
* * * LOW HITPOINT WARNING * * *
The adder misses you.
You completely miss the adder. The bat hits you but does no damage.
The adder bites you.
* * * LOW HITPOINT WARNING * * *
The adder bites you.
You die...

#.......# #......#.#
#.##.##.# ########.#
#.##.##.# #.#
#.##.##.# #.###
#.##.##.# #######
#...# #.##.##.#
#.....# ###.#
#....######.....#
#...#
######...###b...#
#.### #
##.......##@..# #.#
######.........#S..#
#.#
..##......⌠....#.###
#.#
....##...(.....#.#
#.#
...####.......##.###
#.# ...#
###...####...# #.#
..## ###.####
###.#####.#
######...###
#.........#
####.......##
#.#.#######


You could see an adder and a bat.

Vanquished Creatures
  6 goblins
  3 hobgoblins (D:1)
  3 jackals (D:1)
  4 kobolds
  A ball python (D:1)
  2 rats
19 creatures vanquished.

Notes
Turn   | Place    | Note
--------------------------------------------------------------
     0 | D:1      | Psiweapon, the Ogre Conjurer, began the quest for the Orb.
     0 | D:1      | Reached XP level 1. HP: 16/16 MP: 3/3
   123 | D:1      | Reached skill level 3 in Conjurations
   457 | D:1      | Reached skill level 1 in Maces & Flails
   469 | D:1      | Reached XP level 2. HP: 4/24 MP: 0/5
  1565 | D:2      | Noticed Terence
  1577 | D:1      | HP: 1/24 [adder (4)]
  1577 | D:1      | Slain by an adder

Action                   || total
-------------------------++-------
Melee: Club              ||    60
 Cast: Magic Dart        ||    27
